 Dungeon Sprint DCSS version 0.30-a0-802-gb92711bcdf (webtiles) character file.

Game seed: 9387719994737314699

950 rocky1 the Martial Artist (level 7, -13/75 HPs)
             Began as a Demigod Transmuter on Feb 23, 2023.
             Mangled by a two-headed ogre
             ... wielding a +0 giant club
              (24 damage)
             ... in the Dungeon (Sprint IX: "|||||||||||||||||||||||||||||").
             The game lasted 00:01:43 (321 turns).

rocky1 the Martial Artist (Demigod Transmuter)       Turns: 321, Time: 00:01:44

Health: -13/75     AC:  6    Str: 11    XL:     7   Next: 58%
Magic:  16/19      EV: 13    Int: 19    God:
Gold:   0          SH:  0    Dex: 18    Spells: 7/17 levels left

rFire   x . .      SeeInvis .      - Unarmed
rCold   + + +      Faith    .    (shield currently unavailable)
rNeg    . . .      Spirit   .    (body armour currently unavailable)
rPois   +          Reflect  .    (helmet currently unavailable)
rElec   .          Harm     .    (cloak currently unavailable)
rCorr   .          Rampage  .    (gloves currently unavailable)
Will    .....      NoTele   +    (boots currently unavailable)
Stlth   ++                       (no amulet)
HPRegen 0.32/turn                (no ring)
MPRegen 0.16/turn                (no ring)

@: ice-form
A: freezing attack, amphibious, boosted hp, large, high MP 1, forlorn, divine
attributes
a: End Transformation


You were in the Dungeon.
You were a creature of crystalline ice.
You visited 1 branch

Inventory:

Hand Weapons
 k - a +0 lajatang
Armour
 a - a +0 robe (melded)
 l - a +0 cloak (melded)
 m - a +0 helmet (melded)
 p - a +1 chain mail
Jewellery
 n - a +2 ring of protection
 o - a +3 ring of dexterity
Wands
 j - a wand of quicksilver (10)
Scrolls
 h - 2 scrolls of blinking
 i - 2 scrolls of amnesia
Potions
 b - a potion of lignification
 c - 5 potions of curing
 d - 2 potions of heal wounds
 e - a potion of haste
 f - 4 potions of magic
 g - a potion of invisibility


   Skills:
 + Level 6.0 Fighting
 + Level 6.3 Dodging
 * Level 9.4 Unarmed Combat
 + Level 5.7 Spellcasting
 + Level 6.3 Transmutations
 + Level 3.3 Ice Magic
 + Level 3.4 Poison Magic


You had 7 spell levels left.
You knew the following spells:

 Your Spells              Type           Power      Damage    Failure   Level
a - Beastly Appendage     Tmut           58%        N/A       1%          1
b - Wereblood             Tmut           29%        N/A       1%          2
c - Spider Form           Tmut/Pois      24%        N/A       4%          3
d - Ice Form              Ice/Tmut       23%        N/A       16%         4

Your spell library contained the following spells:

 Spells                   Type           Power      Damage    Failure   Level


Dungeon Overview and Level Annotations

Branches:
Dungeon (1/1)


Innate Abilities, Weirdness & Mutations

You are a creature of crystalline ice.
You have a powerful freezing melee attack.
You are amphibious.
Your maximum health is increased.
Your armour is entirely melded.
You are incapable of wielding weapons or throwing items.
You have an increased reservoir of magic. (+10% MP)
You shall have no god before yourself.
Your divine heritage dramatically boosts your attributes as you level up.


Message History

You kill the orc priest!
You hit the wyvern but do no damage. The wyvern closely misses you.
The wyvern hisses menacingly.
The wyvern closely misses you.
You pummel the wyvern!! You freeze the wyvern.
The wyvern is severely wounded.
The wyvern barely misses you.
You hit the wyvern. You freeze the wyvern.
The wyvern is almost dead.
The wyvern barely misses you.
You punch the wyvern! You freeze the wyvern.
You kill the wyvern!
Your Fighting skill increases to level 6!
You hit the two-headed ogre. You freeze the two-headed ogre.
The two-headed ogre is lightly wounded.
The two-headed ogre closely misses you.
The two-headed ogre hits you with a +0 giant club.
You punch the two-headed ogre! You freeze the two-headed ogre.
The two-headed ogre is moderately wounded.
You hit the two-headed ogre but do no damage.
The two-headed ogre is moderately wounded.
The two-headed ogre hits you with a +0 giant club!!
The two-headed ogre hits you with a +0 giant club!
* * * LOW HITPOINT WARNING * * *
You hit the two-headed ogre but do no damage.
The two-headed ogre is moderately wounded.
You punch the two-headed ogre! You freeze the two-headed ogre.
The two-headed ogre is heavily wounded.
The two-headed ogre hits you with a +0 giant club!
* * * LOW HITPOINT WARNING * * *
The two-headed ogre barely misses you.
You feel much better.
You hit the two-headed ogre. You freeze the two-headed ogre.
The two-headed ogre is severely wounded.
The two-headed ogre hits you with a +0 giant club! x2
* * * LOW HITPOINT WARNING * * *
You punch the two-headed ogre! You freeze the two-headed ogre.
The two-headed ogre is almost dead.
The two-headed ogre hits you with a +0 giant club!!
You die... ▓▓▓▓▓▓▓▓▓▓▓▓▓▓▓▓▓▓▓▓▓▓▓ +....OY'......)..'_____ ▓▓▓▓▓▓▓▓▓▓▓▓▓▓▓▓▓▓▓▓▓▓▓

You could see a two-headed ogre.

Vanquished Creatures
  A kobold demonologist (D)
  A wyvern (D)
  A vampire mosquito (D)
  An orc warrior (D)
  An ogre (D)
  3 scorpions (D)
  A howler monkey (D)
  An orc priest (D)
  A dart slug (D)
  A bat (D)
  3 goblins (D)
15 creatures vanquished.

Notes
Turn   | Place    | Note
-------+----------+-------------------------------------------
     0 | D        | rocky1 the Demigod Transmuter began the quest for the Orb.
     0 | D        | Reached XP level 1. HP: 15/15 MP: 5/5
     7 | D        | Reached skill level 1 in Fighting
    11 | D        | Reached skill level 3 in Unarmed Combat
   126 | D        | Noticed a howler monkey
   126 | D        | Noticed a scorpion
   126 | D        | Noticed an ogre
   126 | D        | Noticed a scorpion
   126 | D        | Noticed a scorpion
   130 | D        | Killed a scorpion
   131 | D        | Reached skill level 4 in Unarmed Combat
   131 | D        | Reached XP level 2. HP: 25/25 MP: 6/8
   131 | D        | Reached XP level 3. HP: 30/30 MP: 7/10
   134 | D        | Killed a scorpion
   135 | D        | Reached skill level 5 in Unarmed Combat
   135 | D        | Reached XP level 4. HP: 38/38 MP: 8/12
   138 | D        | Killed an ogre
   139 | D        | Reached skill level 6 in Unarmed Combat
   139 | D        | Reached XP level 5. HP: 46/46 MP: 9/14
   141 | D        | Reached skill level 7 in Unarmed Combat
   141 | D        | Reached skill level 5 in Transmutations
   143 | D        | Reached skill level 5 in Dodging
   194 | D        | Learned a level 2 spell: Wereblood
   198 | D        | Learned a level 3 spell: Spider Form
   203 | D        | Learned a level 4 spell: Ice Form
   294 | D        | Noticed a two-headed ogre
   294 | D        | Noticed a wyvern
   294 | D        | Noticed an orc warrior
   294 | D        | Noticed a vampire mosquito
   294 | D        | Noticed a kobold demonologist
   301 | D        | Killed a kobold demonologist
   302 | D        | Reached skill level 5 in Fighting
   302 | D        | Reached skill level 8 in Unarmed Combat
   302 | D        | Reached skill level 5 in Spellcasting
   302 | D        | Reached XP level 6. HP: 56/56 MP: 13/17
   302 | D        | Killed a vampire mosquito
   303 | D        | Reached XP level 7. HP: 56/61 MP: 13/18
   309 | D        | Reached skill level 9 in Unarmed Combat
   313 | D        | Killed a wyvern
   321 | D        | Mangled by a two-headed ogre

Illustrated notes

Levels and vault maps discovered:
D:        linesprint [early_d, line_temple, items_1, d_10, items_2, lair_1,
          lair_end, items_3, orc_1, orc_end, items_4, d_15, swamp_1, shoals_1,
          snake_1, spider_1, d_20, vaults_1, items_5, swamp_end, shoals_end,
          snake_end, spider_end, vaults_end, d_27, items_6, zot_1, zot_end,
          crypt_end, forest_end, elf_end, slime_end, tomb_end, abyss_end,
          pan_hell_end]

Skill      XL: |  1  2  3  4  5  6  7 |
---------------+----------------------+-----
Fighting       | 2 3 4 5 6 |  6.0
Dodging        | 3 4 5 6 |  6.3
Unarmed Combat | 4 5 6 8 9 |  9.4
Spellcasting   | 3 4 5 |  5.7
Transmutations | 3 4 5 6 |  6.3
Ice Magic      | 2 3 |  3.3
Poison Magic   | 2 3 |  3.4

Action                     |  1- 3 |  4- 6 |  7- 9 || total
---------------------------+-------+-------+-------++-------
  Melee: Unarmed           |    18 |    14 |    17 ||    49
         Kick              |     4 |     2 |       ||     6
         Headbutt          |     3 |     1 |       ||     4
         Punch             |       |     1 |       ||     1
   Cast: Beastly Appendage |     2 |       |       ||     2
         Ice Form          |       |     1 |       ||     1
    Use: Potion            |     1 |       |     1 ||     2
 Armour: Robe              |     3 |       |       ||     3
         Skin              |       |     2 |     1 ||     3
  Dodge: Dodged            |     8 |     4 |     7 ||    19

Table legend: (Time is in decaauts)
 A = Elapsed time spent in this place.
 B = Non-inter-level travel time spent in this place.
 C = Inter-level travel time spent in this place.
 D = Time resting spent in this place.
 E = Time spent auto-exploring this place.
 F = Levels seen in this place.
 G = Mean time per level.
                   A        B        C        D        E       F      G
               +--------+--------+--------+--------+--------+-----+--------+
         Total |    323 |    323 |      0 |    184 |      0 |   1 |  323.0 |
       Dungeon |    323 |    323 |      0 |    184 |      0 |   1 |  323.0 |
               +--------+--------+--------+--------+--------+-----+--------+

Top non-repeatable levels by time:
       D: 323 daAuts
